 Dungeon Crawl Stone Soup version 0.26.0-10-g1f06aea511 (webtiles) character file.

Game seed: 15197266505227396466

48 Arthanis the Firebug (level 3, 0/19 HPs)
             Began as a Deep Elf Fire Elementalist on Jan 18, 2021.
             Slain by a hobgoblin
             ... wielding a +0 club
              (2 damage)
             ... on level 2 of the Dungeon.
             The game lasted 00:01:55 (1199 turns).

Arthanis the Firebug (Deep Elf Fire Elementalist)   Turns: 1199, Time: 00:01:56

Health: 0/19       AC:  4    Str:  4 (5)  XL:     3   Next: 50%
Magic:  6/10       EV: 13    Int: 18 (20) God:
Gold:   20         SH:  0    Dex: 14 (15) Spells: 5/9 levels left

rFire    + + .     SeeInvis .   g - +0 short sword (elec)
rCold    x . .     Faith    .   (no shield)
rNeg     . . .     Spirit   .   j - +2 robe {Will+}
rPois    .         Reflect  .   (no helmet)
rElec    .         Harm     .   (no cloak)
rCorr    .         Rampage  .   (no gloves)
Will     +....                  (no boots)
Stlth    ++........             (no amulet)
HPRegen  0.06/turn              i - ring of protection from fire
MPRegen  0.12/turn              k - ring of fire

@: mighty, invisible
A: no striking features
a: no special abilities


You were on level 2 of the Dungeon.
You visited 1 branch of the dungeon, and saw 3 of its levels.

You collected 20 gold pieces.

Inventory:

Hand Weapons
 c - a +4 dagger
 g - a +0 short sword of electrocution (weapon)
Armour
 a - a +0 robe
 j - a +2 robe of willpower (worn)
 m - a +0 buckler
Jewellery
 i - a ring of protection from fire (left hand)
 k - a ring of fire (right hand)
Scrolls
 b - 4 scrolls of identify {unknown}
Potions
 e - a potion of attraction {unknown}


   Skills:
 - Level 2.4 Dodging
 - Level 2.4 Stealth
 + Level 3.6 Spellcasting
 + Level 2.1 Conjurations
 * Level 4.2 Fire Magic


You had 5 spell levels left.
You knew the following spells:

 Your Spells              Type           Power        Failure   Level
a - Foxfire               Conj/Fire      88%          4%          1
b - Conjure Flame         Conj/Fire      22%          12%         3

Your spell library contained the following spells:

 Spells                   Type           Power        Failure   Level
 Inner Flame              Hex/Fire       16%          19%         3
 Sticky Flame             Conj/Fire      22%          38%         4
 Fireball                 Conj/Fire      11%          75%         5


Dungeon Overview and Level Annotations

Branches:
Dungeon (3/15)

Altars:


Message History

The hobgoblin hits you but does no damage.
The orc barely misses you. The hobgoblin hits you with a +0 club.
The worm barely misses you.
It was a potion of degeneration.
There was something very wrong with that liquid.
You feel weakened.
You feel dopey.
You feel clumsy. The hobgoblin barely misses you.
The orc hits you but does no damage.
The hobgoblin hits you but does no damage.
As you read the scroll labelled VELEKA OTACRATE, it crumbles to dust.
You feel blessed for a moment.
It was a scroll of remove curse.
The hobgoblin hits you with a +0 club.
* * * LOW HITPOINT WARNING * * *
The worm bites you.
* * * LOW HITPOINT WARNING * * *
The orc closely misses you.
The hobgoblin hits you but does no damage.
It was a potion of invisibility.
You fade into invisibility!
The hobgoblin hits you with a +0 club.
You die...

......# #.#
.# #.# . #.
.## ..# #.# .
###.# # ..
##.#w#.#.#.#
#.bo@g.....$
##.#g#.#.#.#
#...r....
##.#$#.#.#
..........
.#.#.#.#.#.#
......#......
.. ..... ####


You could see a worm, an orc, 2 hobgoblins, a bat and a rat.

Vanquished Creatures
  An adder (D:2)
  A dart slug (D:1)
  2 ball pythons
  8 bats
  A giant cockroach (D:1)
  5 goblins
  6 hobgoblins
  5 kobolds (D:1)
  3 frilled lizards
  3 rats
35 creatures vanquished.

Vanquished Creatures (others)
  97 foxfires
97 creatures vanquished.

Grand Total: 132 creatures vanquished

Notes
Turn   | Place    | Note
-------+----------+-------------------------------------------
     0 | D:1      | Arthanis the Deep Elf Fire Elementalist began the quest for
                  | the Orb.
     0 | D:1      | Reached XP level 1. HP: 10/10 MP: 6/6
   176 | D:1      | Reached XP level 2. HP: 15/15 MP: 4/8
   548 | D:1      | Reached skill level 4 in Fire Magic
   655 | D:1      | Reached XP level 3. HP: 19/19 MP: 6/10
   659 | D:1      | Learned a level 3 spell: Conjure Flame
  1199 | D:2      | Slain by a hobgoblin

Illustrated notes

Levels and vault maps discovered:
D:1:      lightli_arrival_flooded_house, layout_loops_cross
D:2:      layout_rooms, st_stairs_12, minmay_heptomino_l4
D:3:      layout_rooms, grunt_gozag_breadcrumbs

Skill      XL: |  1  2  3 |
---------------+----------+-----
Fire Magic     | 4 |  4.2
Conjurations   | 2 |  2.1
Dodging        | |  2.4
Stealth        | |  2.4
Spellcasting   | |  3.6

Action                   || total
-------------------------++-------
Melee: Dagger            ||     4
       Short sword       ||     3
 Cast: Foxfire           ||    64
  Use: Potion            ||     3
       Scroll            ||     1
 Stab: Sleeping          ||     1
Armor: Robe              ||     6
Dodge: Dodged            ||    30
